 Dungeon Crawl Stone Soup version 0.18-a0-29-gce27f3c (webtiles) character file.

165 tp1 the Magician (level 5, 0/28 HPs)
             Began as a Deep Elf Conjurer on Nov 4, 2015.
             Succumbed to an adder's poison
             ... on level 4 of the Dungeon.
             The game lasted 00:17:45 (3568 turns).

tp1 the Magician (Deep Elf Conjurer)                Turns: 3568, Time: 00:17:45

Health: 0/28       AC:  9    Str:  5      XL:     5   Next: 22%
Magic:  15/15      EV:  0    Int: 18 (21) God:
Gold:   168        SH:  0    Dex: 15      Spells: 3 memorised, 10 levels left

rFire  . . .     SeeInvis .     r - +0 blowgun (curse)
rCold  . . .     Clarity  .     j - +0 chain mail (curse)
rNeg   . . .     SustAt   .     (no shield)
rPois  .         Gourm    .     i - +0 hat
rElec  .         Spirit   .     (no cloak)
rCorr  .         Warding  .     (no gloves)
rMut   .         Stasis   .     t - +0 pair of boots
MR     .....                    (no amulet)
Stlth  ..........               h - ring of stealth
                                g - ring of loudness (curse)

@: lethally poisoned (0 -> -6), very slightly contaminated, hasted, very quick,
not resistant to hostile enchantments, extremely unstealthy
A: no striking features
a: no special abilities


You were on level 4 of the Dungeon.
You were near starving.

You visited 1 branch of the dungeon, and saw 4 of its levels.

You collected 168 gold pieces.

Inventory:

Hand Weapons
 r - a cursed +0 blowgun (weapon)
Armour
 a - a +0 robe
 i - a +0 hat (worn)
 j - a cursed +0 chain mail (worn)
 n - a +0 leather armour
 t - a +0 pair of boots (worn)
Jewellery
 g - a cursed ring of loudness (left hand)
 h - a ring of stealth (right hand)
Potions
 d - a potion of haste
Books
 b - a book of Conjurations

   Spells                             Type                      Level
   a - Magic Dart                     Conjuration                  1
   b - Searing Ray                    Conjuration                  2
   c - Dazzling Spray                 Conjuration/Hexes            3
   d - Fulminant Prism                Conjuration/Hexes            4
   e - Iskenderun's Mystic Blast      Conjuration                  4
   f - Iskenderun's Battlesphere      Conjuration/Charms           5
Comestibles
 c - 6 bread rations
 f - a meat ration
 k - 2 slices of pizza
 m - 4 fruits
 p - a royal jelly
 u - a beef jerky


   Skills:
 - Level 2.4 Dodging
 - Level 2.4 Stealth
 - Level 6.0 Spellcasting
 + Level 5.6 Conjurations


You had 10 spell levels left.
You knew the following spells:

 Your Spells              Type           Power        Failure   Level  Hunger
a - Magic Dart            Conj           ####         100%        1    None
b - Searing Ray           Conj           ####..       100%        2    None
c - Dazzling Spray        Conj/Hex       ###.....     100%        3    ##.....


Dungeon Overview and Level Annotations

Branches:
Dungeon (4/15)
 Temple: D:4-7

Altars:
Nemelex Xobeh
Qazlal
Ru
Sif Muna
Trog
The Shining One


Message History

The adder bites you.
* * * LOW HITPOINT WARNING * * *
You are very lightly contaminated with residual magic.
You clumsily bash the giant cockroach but do no damage.
* * * LOW HITPOINT WARNING * * *
You feel sick. The adder bites you but does no damage.
The giant cockroach bites you.
* * * LOW HITPOINT WARNING * * *
You clumsily bash the giant cockroach but do no damage.
* * * LOW HITPOINT WARNING * * *
You feel sick. The adder bites you.
* * * LOW HITPOINT WARNING * * *
The giant cockroach bites you but does no damage.
Your chain mail prevents you from hitting the giant cockroach.
The adder bites you but does no damage. The giant cockroach bites you.
* * * LOW HITPOINT WARNING * * *
The adder bites you but does no damage.
The giant cockroach bites you but does no damage.
You clumsily bash the giant cockroach but do no damage.
You die...

. .. ... ## ....
.# #
.....#######.#.#
...s....<......#
#.#.##.##...###
....##.##S#"#
#.>..s@.# #
#.##>#### # #.#
#.# #.# #.# ..#
#.


You could see an adder and a giant cockroach.

Vanquished Creatures
  Jessica (D:3)
  3 gnolls (D:3)
  6 adders
  A worm (D:2)
  2 giant geckos
  2 orcs (D:3)
  A ball python (D:1)
  8 bats
  A giant cockroach (D:2)
  4 hobgoblins
  8 kobolds
  5 giant newts
  2 goblins
  6 jackals
  2 quokkas (D:2)
  4 rats
56 creatures vanquished.

Vanquished Creatures (others)
  A hobgoblin (D:3)
1 creature vanquished.

Grand Total: 57 creatures vanquished

Notes
Turn   | Place    | Note
--------------------------------------------------------------
     0 | D:1      | tp1 the Deep Elf Conjurer began the quest for the Orb.
     0 | D:1      | Reached XP level 1. HP: 10/10 MP: 6/6
   218 | D:1      | Reached XP level 2. HP: 15/15 MP: 6/8
   838 | D:2      | Reached XP level 3. HP: 19/19 MP: 7/11
   902 | D:2      | Found a sparkling altar of Nemelex Xobeh.
   908 | D:2      | Reached skill level 5 in Spellcasting
  1079 | D:2      | Found a sacrificial altar of Ru.
  1361 | D:2      | Found a glowing golden altar of the Shining One.
  1506 | D:2      | Reached XP level 4. HP: 22/24 MP: 0/13
  1667 | D:2      | Learned a level 2 spell: Searing Ray
  1671 | D:2      | Learned a level 3 spell: Dazzling Spray
  1727 | D:2      | Reached skill level 6 in Spellcasting
  2098 | D:2      | Found a sparkling altar of Nemelex Xobeh.
  2198 | D:2      | Found a sacrificial altar of Ru.
  2534 | D:3      | Found a stormy altar of Qazlal.
  2624 | D:3      | Found a bloodstained altar of Trog.
  2811 | D:3      | Reached skill level 5 in Conjurations
  2880 | D:3      | Reached XP level 5. HP: 28/28 MP: 15/15
  2954 | D:3      | Noticed Jessica
  2976 | D:3      | Killed Jessica
  2983 | D:3      | Found a deep blue altar of Sif Muna.
  3567 | D:4      | HP: 1/28 [giant cockroach (2)]
  3568 | D:4      | Succumbed to an adder's poison

Vault maps used:
D:1:      dpeg_arrival_rooms_c
D:2:      lemuel_coloured_pillars_altar, lemuel_crystal_altar,
          marbit_many_paths, minmay_misc_feat_rugged
D:3:      lightli_temple_of_fire, grunt_qazlal_clouds, tgw_sif, zin_purify,
          corexii_leaking_fountain
D:4:      first_bread, uniq_menkaure

Action                   |  1- 3 |  4- 6 || total
-------------------------+-------+-------++-------
Melee: Blowgun           |       |    30 ||    30
 Fire: Blowgun           |       |    27 ||    27
 Cast: Magic Dart        |    74 |    29 ||   103
  Use: Scroll            |     6 |     2 ||     8
       Potion            |       |     4 ||     4
  Eat: Chunk             |     2 |     4 ||     6
